AoeStats
← KingHennesVIII

Arabia

504711974Analyzed
1v1 RM · 27d ago on Sep 6, 2026· 42m 20s· 2 players
Game mode
Random Map
Map size
Tiny (2 player)
Population
200
Speed
Normal
Resources
Standard
Victory
Conquest
Starting age
Dark Age
Ending age
Imperial Age
RankedLock teamsTeams togetherTeam positionsShared explorationLock speedFull tech treeHidden civsTurbo modeCheats
Victory
Defeat
🇵🇹 Persians · Portugal
786
+15
🇩🇪 Spanish · Germany
769
-38
KingHennesVIII
8:19 Loom
13:16 Feudal Age
16:50 Wheelbarrow
17:52 Horse Collar
22:52 Castle Age
26:46 Heavy Plow
26:35 Double-Bit Axe
27:14 Pikeman
33:15 Hand Cart
33:40 Bow Saw
Mac Demarco
4:30 Loom
11:16 Feudal Age
17:24 Castle Age
26:13 Horse Collar
34:24 Imperial Age
32:33 Pikeman
33:14 Squires
33:16 Husbandry
33:27 Bloodlines
33:25 Scale Barding Armor
33:21 Scale Mail Armor
33:31 Forging
33:14 Double-Bit Axe
33:32 Heavy Plow
33:36 Gold Mining
33:36 Stone Mining
34:50 Chain Barding Armor
34:44 Bow Saw
35:12 Gold Shaft Mining
35:19 Wheelbarrow
35:25 Crop Rotation
35:29 Conscription
34:40 Halberdier
34:53 Cavalier
37:25 Plate Barding Armor
37:06 Chain Mail Armor
37:26 Iron Casting
37:20 Hand Cart
38:08 Two-Man Saw
36:58 Heavy Camel Rider
37:58 Savar
39:51 Plate Mail Armor
39:22 Murder Holes
39:48 Ballistics
43:40 Chemistry
43:43 Blast Furnace
42:34 Fletching
Connection lost

Rejoining the realm…

Still unreachable

The connection could not be restored.

Session expired

The server has moved on; the page needs a fresh start.